 Dungeon Crawl Stone Soup version 0.19-a0-1886-gd64a0f0 (webtiles) character file.

18 Amnesiac the Ducker (level 2, 0/22 HPs)
             Began as a Demonspawn Wanderer on Oct 16, 2016.
             Succumbed to an adder's poison
             ... on level 2 of the Dungeon.
             The game lasted 00:01:16 (355 turns).

Amnesiac the Ducker (Demonspawn Wanderer)            Turns: 355, Time: 00:01:16

Health: 0/22       AC:  3    Str: 13    XL:     2   Next: 48%
Magic:  2/2        EV: 13    Int: 14    God:
Gold:   24         SH:  0    Dex: 12    Spells: 0 memorised, 1 level left

rFire  . . .     SeeInvis .       - Unarmed
rCold  . . .     Gourm    .     d - +0 robe
rNeg   . . .     Faith    .     (no shield)
rPois  .         Spirit   .     (no helmet)
rElec  .         Dismiss  .     (no cloak)
rCorr  .         Reflect  .     i - +0 pair of gloves
MR     .....     Harm     .     (no boots)
Stlth  ++........               (no amulet)
                                (no ring)
                                (no ring)

@: lethally poisoned (0 -> -12), about to teleport
A: thin skeletal structure 1
a: no special abilities


You were on level 2 of the Dungeon.
You were not hungry.

You visited 1 branch of the dungeon, and saw 2 of its levels.

You collected 24 gold pieces.

Inventory:

Hand Weapons
 b - a +2 blowgun
 e - a +0 mace
Missiles
 a - 2 curare-tipped needles
Armour
 d - a +0 robe (worn)
 i - a +0 pair of gloves (worn)
Scrolls
 c - a scroll of teleportation
 h - a scroll of magic mapping {unknown}
 j - a scroll of identify {unknown}
Comestibles
 f - 3 bread rations
 g - 2 chunks of flesh


   Skills:
 - Level 2.0 Fighting
 * Level 2.1 Throwing
 - Level 2.6 Dodging
 - Level 1.0 Stealth
   Level 1.0 Shields
 + Level 2.0 Unarmed Combat


You had one spell level left.
You didn't know any spells.

Dungeon Overview and Level Annotations

Branches:
Dungeon (2/15)

Altars:
Nemelex Xobeh
Xom


Innate Abilities, Weirdness & Mutations

You have a somewhat thin skeletal structure. (Dex +2, Stealth)


Message History

* * * LOW HITPOINT WARNING * * *
You feel sick. The adder completely misses you.
You miss the adder.
The adder is almost dead.
* * * LOW HITPOINT WARNING * * *
You feel sick. The adder completely misses you.
You hit the adder.
You kill the adder!
Your Throwing skill increases to level 2!
Your Unarmed Combat skill increases to level 2!
* * * LOW HITPOINT WARNING * * *
You feel sick.
You aren't carrying any potions.
You aren't carrying any potions.
Okay, then.
As you read the scroll of teleportation, it crumbles to dust.
You feel strangely unstable.
* * * LOW HITPOINT WARNING * * *
You feel sick.
You die...

....##.#.#...........
.........##..##....# ..
............## #..##..
........##..####.....
.[......#....##..##.##
..................#..#
........#...#........#
........##.##.#...#....
..............##@## ..
....####................
.##### #...#............
.....# .................
.....# ................
..<..+ ..........#....
.....# .>........#....
.....# ..........# ...
.)...#


There were no monsters in sight!

Vanquished Creatures
  An adder (D:2)
  An ooze (D:1)
  A giant cockroach (D:2)
  A hobgoblin (D:1)
  A kobold (D:2)
  A rat (D:1)
6 creatures vanquished.

Notes
Turn   | Place    | Note
-------+----------+-------------------------------------------
     0 | D:1      | Amnesiac the Demonspawn Wanderer began the quest for the Orb.
     0 | D:1      | Amnesiac set off with: 2 curare-tipped needles, a +2 blowgun, 2 scrolls of teleportation, a +0 robe, a bread ration
     0 | D:1      | Reached XP level 1. HP: 16/16 MP: 1/1
    77 | D:1      | Found a shimmering altar of Xom.
    79 | D:1      | Found a burning altar of Makhleb.
    79 | D:1      | Found an opulent altar of Gozag.
    81 | D:1      | Found a bloodstained altar of Trog.
    81 | D:1      | Found a blossoming altar of Fedhas.
    81 | D:1      | Found a shadowy altar of Dithmenos.
   219 | D:2      | Found a sparkling altar of Nemelex Xobeh.
   321 | D:2      | Gained mutation: You have a somewhat thin skeletal structure. (Dex +2, Stealth) [demonic ancestry]
   321 | D:2      | Reached XP level 2. HP: 22/22 MP: 2/2
   354 | D:2      | HP: 1/22 [poisoned by an adder]
   355 | D:2      | Succumbed to an adder's poison

Vault maps used:
D:1:      onia_arrival_mini_spirals, serial_forest,
          infiniplex_forest_clump_tiny, infiniplex_forest_pool,
          infiniplex_forest_clump_medium, infiniplex_forest_end_2,
          infiniplex_forest_lined_room_2, infiniplex_forest_lined_3,
          infiniplex_forest_straight_3, doesnt_xom_only_xom
D:2:      hangedman_decor_clover_reticule, nemelex_spade_bored_becter

Skill      XL: |  1  2 |
---------------+-------+-----
Throwing       | 2 |  2.1
Unarmed Combat | 2 |  2.0
Fighting       | |  2.0
Dodging        | |  2.6
Stealth        | |  1.0
Shields        | |  1.0

Action                   || total
-------------------------++-------
Melee: Mace              ||     8
       Unarmed           ||    21
  Use: Scroll            ||     1
Armor: Robe              ||     4
Dodge: Dodged            ||    18
